 Dungeon Crawl Stone Soup version 0.24-a0-762-gca426f56c8 (webtiles) character file.

Game seed: 10970572235107780410, levelgen mode: deterministic

49 Kohma the Stinger (level 3, 0/26 HPs)
             Began as a Demonspawn Venom Mage on Oct 3, 2019.
             Succumbed to a worker ant's poison
             ... on level 3 of the Dungeon.
             The game lasted 00:06:52 (1779 turns).

Kohma the Stinger (Demonspawn Venom Mage)           Turns: 1779, Time: 00:06:52

Health: 0/26       AC:  4    Str:  5 (8)  XL:     3   Next: 51%
Magic:  6/6        EV: 12    Int: 15 (17) God:
Gold:   95         SH:  0    Dex: 10 (13) Spells: 0/6 levels left

rFire    . . .     SeeInvis .   k - +0 whip
rCold    . . .     Gourm    .   (no shield)
rNeg     . . .     Faith    .   a - +0 robe
rPois    .         Spirit   .   (no helmet)
rElec    .         Reflect  .   (no cloak)
rCorr    .         Harm     .   (no gloves)
MR       .....                  (no boots)
Stlth    ++........             (no amulet)
HPRegen  0.08/turn              (no ring)
MPRegen  0.10/turn              (no ring)

@: lethally poisoned (0 -> -23), about to teleport, flying, very slightly
contaminated, hasted, very quick
A: iridescent scales 1
a: no special abilities


You were on level 3 of the Dungeon.
You were not hungry.

You visited 1 branch of the dungeon, and saw 3 of its levels.

You collected 95 gold pieces.

Inventory:

Hand Weapons
 e - a +0 dagger
 k - a +0 whip (weapon)
 x - a +0 hunting sling
Missiles
 d - 12 bolts
 g - 117 arrows
 h - 77 stones (quivered)
 q - 16 sling bullets
Armour
 a - a +0 robe (worn)
 n - a +0 leather armour
Jewellery
 j - a cursed amulet of inaccuracy {unknown}
 o - a +4 amulet of reflection {unknown}
Wands
 f - a wand of acid (12)
Scrolls
 b - 2 scrolls of teleportation
 m - a scroll of blinking {unknown}
 p - 3 scrolls of identify {unknown}
 r - a scroll of enchant weapon {unknown}
 s - a scroll of remove curse {unknown}
 u - a scroll of magic mapping {unknown}
Potions
 l - a potion of ambrosia
Comestibles
 c - 3 rations
 w - 2 chunks of flesh


   Skills:
 + Level 1.0 Fighting
 - Level 1.7 Dodging
 - Level 1.7 Stealth
 + Level 2.2 Spellcasting
 * Level 2.1 Conjurations
 * Level 3.6 Poison Magic


You couldn't memorise any spells.
You knew the following spells:

 Your Spells              Type           Power        Failure   Level  Hunger
a - Sting                 Conj/Pois      ##..         7%          1    #......
b - Poisonous Vapours     Pois/Air       #.....       16%         2    ###....
c - Mephitic Cloud        Conj/Pois/Air  #.......     28%         3    ###....

Your spell library contained the following spells:

 Spells                   Type           Power        Failure   Level  Hunger
 Olgreb's Toxic Radiance  Pois           ##......     43%         4    #####..
 Venom Bolt               Conj/Pois      ##........   88%         5    ######.


Dungeon Overview and Level Annotations

Branches:
Dungeon (3/15)

Altars:
Sif Muna

Annotations:
D:3 1 runed translucent door, exclusion: door, Crazy Yiuf


Innate Abilities, Weirdness & Mutations

You are partially covered in iridescent scales. (AC +2)


Message History

You are more poisoned.
The worker ant poisons you!
It was a potion of degeneration.
There was something very wrong with that liquid.
You feel weakened.
You feel dopey.
You feel clumsy.
* * * LOW HITPOINT WARNING * * *
You feel sick. The worker ant bites you.
* * * LOW HITPOINT WARNING * * *
You are more poisoned.
The worker ant poisons you!
It was a potion of flight.
You feel very buoyant.
You fly up into the air.
You feel less invigorated.
You feel less confused.
* * * LOW HITPOINT WARNING * * *
You feel sick. The worker ant bites you.
* * * LOW HITPOINT WARNING * * *
As you read the scroll labeled AXKELA BOSKITA, it crumbles to dust.
You feel strangely unstable.
It was a scroll of teleportation.
You die...

♣♣ ♣♣#..)# ##...##..#
P♣♣♣♣.+...# ##.. .....#
P.♣..♣#...# ##..###.#..# .♣.♣♣♣
### #.....#.#.# .. ♣♣♣♣
#.#......# ..> ##...o...#####
o... ######## #...#o#......#
#)..<
.......######))##a#.####.##.....
)......<.#......@.#o####........
......##...###..###...o.#.....#
###..####.........###...o..#
##.##...###...#.# #.###.##
#.....### #..##..##.# ..#
....#.### ...# .#..# #.# .####.#
..#.# ...## .# #.# #.##.# ##. ..
#.# .. #.


You could see a worker ant and 2 orcs.

Vanquished Creatures
  2 adders (D:2)
  A dart slug (D:1)
  2 orcs (D:3)
  3 bats (D:2)
  A giant cockroach (D:1)
  4 goblins
  3 hobgoblins
  2 frilled lizards
  5 kobolds
  3 rats (D:1)
26 creatures vanquished.

Vanquished Creatures (others)
  5 toadstools (D:1)
5 creatures vanquished.

Grand Total: 31 creatures vanquished

Notes
Turn   | Place    | Note
-------+----------+-------------------------------------------
     0 | D:1      | Kohma the Demonspawn Venom Mage began the quest for the
                  | Orb.
     0 | D:1      | Reached XP level 1. HP: 13/13 MP: 3/3
   241 | D:1      | Gained mutation: You are partially covered in iridescent
                  | scales. (AC +2) [demonic ancestry]
   241 | D:1      | Reached XP level 2. HP: 20/20 MP: 3/5
   245 | D:1      | Learned a level 2 spell: Poisonous Vapours
  1047 | D:2      | Reached XP level 3. HP: 25/25 MP: 3/6
  1052 | D:2      | Learned a level 3 spell: Mephitic Cloud
  1387 | D:2      | Found a shimmering blue altar of Sif Muna.
  1534 | D:2      | Reached skill level 1 in Fighting
  1668 | D:3      | Found a runed translucent door.
  1669 | D:3      | Noticed Crazy Yiuf
  1778 | D:3      | HP: 1/26 [worker ant (5)]
  1779 | D:3      | Succumbed to a worker ant's poison

Levels and vault maps discovered:
D:1:      ldierk_walled_garden, layout_rooms, interstate_on_off,
          hangedman_abyss_or_decor_stabs, minmay_misc_feat_more_columns
D:2:      layout_basic, lemuel_blue_sif_altar
D:3:      layout_rooms, makhleb_altar_promises_db, uniq_terence,
          uniq_crazy_yiuf_cottage

Skill      XL: |  1  2  3 |
---------------+----------+-----
Conjurations   | 2 |  2.1
Fighting       | 1 |  1.0
Dodging        | |  1.7
Stealth        | |  1.7
Spellcasting   | |  2.2
Poison Magic   | |  3.6

Action                   || total
-------------------------++-------
Melee: Whip              ||     5
 Cast: Sting             ||    43
       Mephitic Cloud    ||     1
  Use: Potion            ||     4
       Scroll            ||     1
  Eat: Chunk             ||     3
Armor: Robe              ||     5
Dodge: Dodged            ||    14

Table legend:
 A = Non-vault XP
 B = Vault XP
 C = Vault XP percentage of total XP
 D = Non-vault monster count
 E = Vault monster count
 F = Vault count percentage of total count
                 A         B        C        D         E       F
            +---------+---------+-------+---------+---------+-------
      Total |      70 |       0 |   0.0 |      26 |       0 |   0.0
            +---------+---------+-------+---------+---------+-------
        D:1 |      22 |       0 |   0.0 |      13 |       0 |   0.0
        D:2 |      39 |       0 |   0.0 |       9 |       0 |   0.0
        D:3 |       9 |       0 |   0.0 |       4 |       0 |   0.0
            +---------+---------+-------+---------+---------+-------
